 Dungeon Crawl Stone Soup version 0.18.1-8-gdd0e5ea (webtiles) character file.

1973 l0ser140 the Covered (level 9, -13/69 HPs)
             Began as a Human Fighter on May 29, 2016.
             Was a Follower of Okawaru.
             Killed from afar by an orc warrior (14 damage)
             ... with an exploding inner flame
             ... hexed by the player character
             ... on level 8 of the Dungeon.
             The game lasted 00:28:00 (8354 turns).

l0ser140 the Covered (Human Fighter)                Turns: 8354, Time: 00:28:00

Health: -13/69     AC: 14    Str: 20    XL:     9   Next: 43%
Magic:  14/14      EV: 11    Int: 10    God:    Okawaru [*.....]
Gold:   225        SH:  0    Dex: 18    Spells: 0 memorised, 8 levels left

rFire  . . .     SeeInvis .     k - +1 great sword
rCold  . . .     Gourm    .     i - +0 plate armour
rNeg   . . .     Faith    .     (shield currently unavailable)
rPois  .         Spirit   .     (no helmet)
rElec  .         Dismiss  .     (no cloak)
rCorr  .         Reflect  .     a - +0 pair of gloves
SustAt .         Harm     .     (no boots)
MR     .....                    j - amulet of rage
Stlth  ..........               (no ring)
                                (no ring)

@: agile, drained, not resistant to hostile enchantments, extremely unstealthy
A: clever 1
a: Heroism, Renounce Religion, Evoke Berserk Rage


You were on level 8 of the Dungeon.
You worshipped Okawaru.
Okawaru was aware of your devotion.
You were not hungry.

You visited 2 branches of the dungeon, and saw 9 of its levels.

You collected 225 gold pieces.

Inventory:

Hand Weapons
 k - a +1 great sword (weapon)
Missiles
 d - a throwing net
 C - 148 stones (quivered)
Armour
 a - a +0 pair of gloves (worn)
 c - a +0 shield
 i - a +0 plate armour (worn)
Jewellery
 j - an amulet of rage (around neck)
   (You found it on level 1 of the Dungeon)
Scrolls
 e - 2 scrolls of remove curse
 g - a scroll of enchant armour {unknown}
 p - 2 scrolls of noise {unknown}
 s - a scroll of magic mapping {unknown}
 y - 2 scrolls of teleportation {unknown}
 A - a scroll of random uselessness {unknown}
 E - a scroll of immolation
Potions
 w - 2 potions of flight
 x - 2 potions of haste
 z - 2 potions of magic
 B - 2 potions of brilliance
Books
 l - a book of Party Tricks

   Spells                             Type                      Level
   a - Summon Butterflies             Summoning                    1
   b - Apportation                    Translocation                1
   c - Tukima's Dance                 Hexes                        3
   d - Alistair's Intoxication        Transmutation/Poison         5
   e - Invisibility                   Hexes                        6
Comestibles
 f - 3 bread rations
 t - 3 meat rations
 v - a royal jelly


   Skills:
 - Level 6.0(5.6) Fighting
 + Level 4.1(3.6) Long Blades
 + Level 7.3(6.8) Armour
 - Level 3.0(2.5) Shields
 * Level 7.1(6.6) Evocations


You had 8 spell levels left.
You didn't know any spells.

Dungeon Overview and Level Annotations

Branches:
Dungeon (8/15)             Temple (1/1) D:4
   Lair: D:8-11

Altars:
Cheibriados
Dithmenos
Elyvilon
Fedhas
Gozag
Kikubaaqudgha
Makhleb
Nemelex Xobeh
Okawaru
Pakellas
Qazlal
Ru
Trog
Vehumet
Xom
Yredelemnul
Zin
The Shining One

Shops:
D:6 :

Annotations:
D:3 Robin
D:5 ThereIsNoGod's ghost, amateur TrFi
D:6 exclusion: downstairs


Innate Abilities, Weirdness & Mutations

Your mind is acute. (Int +2)


Message History

The orc warrior is lightly wounded.
The orc hits you but does no damage.
The orc warrior hits you with an enchanted glaive!!
* * * LOW HITPOINT WARNING * * *
The orc hits you but does no damage.
Huge Dmg: -30%(-21hp) hp: 8%(5hp) Read which item? (? for menu, Esc to quit)
As you read the scroll labeled WAXTEISTRYNG, it crumbles to dust.
The creatures around you are filled with an inner flame!
It was a scroll of immolation.
The orc warrior hits you but does no damage.
The orc hits you with a whip.
* * * LOW HITPOINT WARNING * * *
Huge Dmg: -3%(-2hp) hp: 5%(3hp) Read which item? (? for menu, Esc to quit)
Okay, then.
Drink which item? (? for menu, Esc to quit)
It was a potion of ambrosia.
You are confused.
You feel invigorated.
The orc warrior hits you with an enchanted glaive.
* * * LOW HITPOINT WARNING * * *
The orc hits you but does no damage.
Huge Dmg: -3%(-2hp) hp: 2%(1hp) Drink which item? (? for menu, Esc to quit)
You feel agile all of a sudden.
The orc warrior hits you but does no damage.
The orc hits you but does no damage.
Drink which item? (? for menu, Esc to quit)
Okay, then.
You're too confused!
You bump into the rock wall.
The orc hits you but does no damage.
You barely miss the orc.
You feel less invigorated.
You feel less confused. The orc warrior barely misses you. The orc misses you.
The orc warrior hits you with an enchanted glaive.
* * * LOW HITPOINT WARNING * * *
You hit the orc.
The orc is lightly wounded.
The orc hits you but does no damage.
The orc warrior hits you with an enchanted glaive!
* * * LOW HITPOINT WARNING * * *
The orc hits you but does no damage.
Huge Dmg: -17%(-12hp) hp: 2%(1hp)
You slash the orc!
The orc explodes!
The fiery explosion engulfs the orc warrior.
The orc warrior explodes!
The fiery explosion engulfs you!
You die...

#.# ###.....
#.###### #.##.#
#......# #.##.#
#......# #.##.#
#....(.# #.##.#
######.....##
#.#.[.
#....#.....#
#.#..#
#....#.....#
#.#..#
+....#♂#####
#.# #.!.☺☺☺#
#...☺###
#.............+
#...........###
#...........+
#...........#
#..........?#
#...........+


There were no monsters in sight!

Vanquished Creatures
  Grinder (D:4)
  Eustachio (D:4)
  A sky beast (D:6)
  An orc warrior (D:6)
  2 ogres (D:6)
  A centaur (D:6)
  A big kobold (D:7)
  A wyvern skeleton (D:7)
  A scorpion (D:8)
  2 killer bees (D:6 D:7)
  4 wights (D:5 D:6)
  A howler monkey (D:5)
  A crimson imp (D:7)
  3 hounds (D:3 D:5 D:7)
  2 giant frog skeletons (D:6 D:8)
  2 jellies (D:6 D:7)
  4 orc wizards (D:3 D:6)
  A centaur skeleton (D:7)
  6 worker ants (D:4 D:5 D:6 D:7)
  3 gnolls (D:4 D:5)
  A howler monkey skeleton (D:6)
  5 adders (D:4 D:5 D:6 D:7)
  2 oozes (D:3 D:4)
  An adder zombie (D:5)
  2 worms (D:2 D:3)
  2 dart slugs (D:1 D:4)
  2 giant geckos (D:3 D:6)
  18 orcs (D:3 D:4 D:6 D:8)
  4 giant cockroaches (D:1 D:3 D:6)
  11 goblins (D:1 D:2 D:3)
  13 hobgoblins (D:1 D:2 D:3)
  12 jackals (D:2 D:4 D:6 D:7)
  7 kobolds (D:1 D:7)
  3 quokkas (D:4 D:6 D:5)
  2 ball pythons (D:2 D:3)
  9 bats (D:1 D:2 D:3)
  4 giant newts (D:1 D:2 D:4 D:6)
  2 quokka skeletons (D:4 D:6)
  A quokka zombie (D:7)
  3 rats (D:1 D:3)
143 creatures vanquished.

Notes
Turn   | Place    | Note
--------------------------------------------------------------
     0 | D:1      | l0ser140 the Human Fighter began the quest for the Orb.
     0 | D:1      | Reached XP level 1. HP: 18/18 MP: 1/1
   180 | D:1      | Reached XP level 2. HP: 17/24 MP: 2/2
  1025 | D:2      | Found a faded altar to an unknown god.
  1029 | D:2      | Reached XP level 3. HP: 29/29 MP: 3/3
  1851 | D:3      | Found a stormy altar of Qazlal.
  1866 | D:3      | Found an ancient bone altar of Kikubaaqudgha.
  1899 | D:3      | Reached XP level 4. HP: 35/37 MP: 4/4
  2052 | D:3      | Found a snail-covered altar of Cheibriados.
  2185 | D:3      | Reached skill level 4 in Fighting
  2259 | D:3      | Reached skill level 4 in Armour
  2548 | D:3      | Noticed Robin
  2572 | D:3      | Huge Dmg: 6 Dmg
  2574 | D:3      | Huge Dmg: 7 Dmg
  2716 | D:3      | Huge Dmg: 10 Dmg
  2724 | D:3      | Huge Dmg: 5 Dmg
  2793 | D:3      | Huge Dmg: 3 Dmg
  3209 | D:3      | Huge Dmg: 7 Dmg
  3341 | D:4      | Noticed Eustachio
  3352 | D:3      | Reached XP level 5. HP: 36/43 MP: 5/5
  3467 | D:4      | Noticed Grinder
  3485 | D:4      | Killed Grinder
  3485 | D:4      | Reached skill level 5 in Fighting
  3485 | D:4      | Reached skill level 5 in Armour
  3485 | D:4      | Reached XP level 6. HP: 51/51 MP: 6/6
  3488 | D:4      | Huge Dmg: 24 Dmg
  3722 | D:3      | Reached XP level 7. HP: 50/56 MP: 7/7
  3823 | D:4      | Killed Eustachio
  3823 | D:4      | Reached skill level 2 in Evocations
  4008 | D:4      | Found a white marble altar of Elyvilon.
  4076 | D:4      | Found a staircase to the Ecumenical Temple.
  4156 | Temple   | Entered the Ecumenical Temple
  4252 | Temple   | Became a worshipper of Warmaster Okawaru
  4328 | D:5      | Entered Level 5 of the Dungeon
  4389 | D:4      | Huge Dmg: 8 Dmg
  4619 | D:4      | Huge Dmg: 14 Dmg
  4779 | D:5      | Gained mutation: Your mind is acute. (Int +2) [potion of beneficial mutation]
  4813 | D:5      | Noticed ThereIsNoGod's ghost (amateur TrFi)
  4844 | D:6      | Huge Dmg: 20 Dmg
  4846 | D:6      | Reached skill level 6 in Fighting
  4846 | D:6      | Reached skill level 3 in Evocations
  5050 | D:6      | Huge Dmg: 13 Dmg
  5051 | D:6      | Huge Dmg: 9 Dmg
  5056 | D:6      | Huge Dmg: 7 Dmg
  5068 | D:6      | Huge Dmg: 9 Dmg
  5070 | D:6      | Huge Dmg: 7 Dmg
  5072 | D:6      | Reached skill level 6 in Armour
  5072 | D:6      | Reached XP level 8. HP: 5/64 MP: 10/10
  5109 | D:6      | Huge Dmg: 3 Dmg
  5427 | D:6      | Huge Dmg: 16 Dmg
  5437 | D:5      | Reached skill level 4 in Evocations
  5672 | D:5      | Found an opulent altar of Gozag.
  5777 | D:5      | Found a radiant altar of Vehumet.
  5961 | D:6      | Reached skill level 5 in Evocations
  5970 | D:6      | Huge Dmg: 19 Dmg
  5972 | D:6      | HP: 3/64 [orc warrior/flail (9)]
  5973 | D:6      | Huge Dmg: 9 Dmg
  5975 | D:6      | Reached * piety under Okawaru
  5984 | D:6      | Huge Dmg: 2 Dmg
  6429 | D:6      | Reached skill level 3 in Long Blades
  6429 | D:6      | Reached XP level 9. HP: 49/69 MP: 13/13
  6625 | D:6      | Reached skill level 6 in Evocations
  6758 | D:6      | Found Uxucw's Book Shop.
  6967 | D:7      | Huge Dmg: 21 Dmg
  6975 | D:7      | Huge Dmg: 6 Dmg
  7279 | D:7      | Reached skill level 7 in Armour
  7500 | D:7      | Huge Dmg: 15 Dmg
  7598 | D:6      | Huge Dmg: 31 Dmg
  7670 | D:7      | Reached skill level 4 in Long Blades
  7725 | D:7      | Huge Dmg: 17 Dmg
  7739 | D:7      | Huge Dmg: 8 Dmg
  7741 | D:7      | Huge Dmg: 7 Dmg
  7991 | D:8      | Huge Dmg: 9 Dmg
  7996 | D:8      | Huge Dmg: 8 Dmg
  7997 | D:8      | Reached skill level 7 in Evocations
  8031 | D:8      | Huge Dmg: 9 Dmg
  8343 | D:8      | Huge Dmg: 24 Dmg
  8347 | D:8      | Huge Dmg: 14 Dmg
  8348 | D:8      | Huge Dmg: 21 Dmg
  8348 | D:8      | HP: 3/69 [orc/whip (2)]
  8349 | D:8      | Huge Dmg: 2 Dmg
  8349 | D:8      | HP: 1/69 [orc warrior/enchanted glaive (6)]
  8350 | D:8      | Huge Dmg: 2 Dmg
  8354 | D:8      | Huge Dmg: 12 Dmg
  8354 | D:8      | Killed from afar by an orc warrior

Skill      XL: |  1  2  3  4  5  6  7  8  9 |
---------------+----------------------------+-----
Fighting       | 4 5 6 |  6.0
Armour         | 4 5 6 7 |  7.3
Evocations     | 3 5 7 |  7.1
Long Blades    | 3 4 |  4.1
Shields        | |  3.0

Action                   |  1- 3 |  4- 6 |  7- 9 || total
-------------------------+-------+-------+-------++-------
Melee: Long sword        |   126 |   128 |   171 ||   425
       Great sword       |       |       |   304 ||   304
Throw: Stone             |       |     1 |     6 ||     7
Invok: Heroism           |       |       |     2 ||     2
 Abil: Evoke Berserk Rag |       |       |     4 ||     4
  Use: Scroll            |       |     6 |     5 ||    11
       Potion            |       |     1 |     9 ||    10
 Stab: Distracted        |       |     1 |       ||     1
  Eat: Chunk             |     2 |     6 |    12 ||    20
       Fruit             |       |     1 |     4 ||     5
       Pizza             |       |       |     2 ||     2
       Beef jerky        |       |       |     1 ||     1
Armor: Scale mail        |    56 |    45 |    29 ||   130
       Skin              |       |    10 |       ||    10
       Plate armour      |       |       |   374 ||   374
Dodge: Dodged            |    39 |    37 |   171 ||   247
Block: Shield            |    66 |    55 |    82 ||   203

Vault maps used:
D:1:      dpeg_arrival_boxorama
D:2:      ecumenical_altar_1
D:3:      old_standard_altar, lemuel_crystal_altar,
          nicolae_qazlal_general_emergency, uniq_robin
D:4:      lemuel_doored_altar, minmay_temple_entry_fiery, uniq_grinder,
          uniq_eustachio
D:5:      lemuel_blue_sif_altar, grunt_temple_overflow_open, first_bread
D:6:      serial_glass, glass_columns_a, glass_columns_a, serial_shops, shop,
          wad_floor_pattern_untrapped, minmay_misc_feat_alley,
          grunt_decor_arrowhead
D:7:      uniq_duvessa
D:8:      nicolae_overflow_crystal_walls
Temple:   circular_temple_12
